 Dungeon Sprint DCSS version 0.29.1-2-gbd0b4ee654 (webtiles) character file.

Game seed: 14703170866603216809

5786 boopmooplesden the Severer (level 10, 0/110 HPs)
             Began as a Minotaur Berserker on Nov 30, 2022.
             Was the Champion of Trog.
             Succumbed to barbed spike wounds
             ... in the Dungeon (Sprint III: "The Ten Rune Challenge").
             The game lasted 00:04:04 (2111 turns).

boopmooplesden the Severer (Minotaur Berserker)     Turns: 2111, Time: 00:04:04

Health: 0/110      AC:  8    Str: 27    XL:     10   Next: 50%
Magic:  9/9        EV: 13    Int:  4    God:    Trog [******]
Gold:   27         SH:  0    Dex:  9    Spells: 9/9 levels left

rFire   . . .      SeeInvis .   r - +3 battleaxe (vorpal)
rCold   . . .      Faith    .   (shield currently unavailable)
rNeg    . . .      Spirit   .   o - +0 scale mail
rPois   .          Reflect  .   (helmet restricted)
rElec   .          Harm     .   (no cloak)
rCorr   .          Rampage  .   (no gloves)
Will    .....      NoTele   +   (no boots)
Stlth   +.........              (no amulet)
HPRegen 0.28/turn               (no ring)
MPRegen 0.11/turn               (no ring)

@: spiked
A: horns 2, retaliatory headbutt
a: Renounce Religion, Berserk, Trog's Hand, Brothers in Arms


You were in the Dungeon.
You worshipped Trog.
Trog was exalted by your worship.
You visited 1 branch You collected 27 gold pieces.

Inventory:

Hand Weapons
 a - a +0 hand axe
 p - a +2 long sword of holy wrath
 r - a +3 vorpal battleaxe (weapon)
Armour
 b - a +0 animal skin
 o - a +0 scale mail (worn)
Wands
 j - a wand of roots (15)
Scrolls
 h - a scroll of blinking
 k - a scroll of identify
 n - a scroll of torment
Potions
 e - 2 potions of haste
 f - 2 potions of magic
 g - 2 potions of berserk rage
 i - 3 potions of mutation
 l - a potion of might
 m - 2 potions of flight
Miscellaneous
 q - a lightning rod (4/4)


   Skills:
 + Level 16.8 Fighting
 + Level 20.1 Axes
 + Level 10.9 Armour
 + Level 9.1 Dodging
 + Level 2.8 Stealth
 + Level 0.6 Evocations


You had 9 spell levels left.
You didn't know any spells.
Your spell library was empty.

Dungeon Overview and Level Annotations

Branches:
Dungeon (1/1)

Altars:
Cheibriados
Dithmenos
Elyvilon
Fedhas
Gozag
Hepliaklqana
Kikubaaqudgha
Makhleb
Nemelex Xobeh
Okawaru
Qazlal
Ru
Sif Muna
Trog
Uskayaw
Vehumet
Wu Jian
Xom
Yredelemnul
Zin
The Shining One
Jiyva
Lugonu

Shops:
D ?


Innate Abilities, Weirdness & Mutations

You have a pair of horns on your head.
You reflexively headbutt those who attack you in melee.


Message History

The orc high priest is heavily wounded.
You hit the orc but do no damage. The orc barely misses you.
The orc hits your deep troll but does no damage.
The orc high priest utters an invocation to Beogh.
You closely miss the orc high priest.
The orc high priest is heavily wounded.
You barely miss the orc. You barely miss the sixfirhy.
You closely miss the smoke demon.
The sixfirhy hits you but does no damage.
Your deep troll bites the orc high priest.
Your deep troll claws the orc high priest.
Your deep troll barely misses the orc high priest.
You closely miss the orc high priest.
The orc high priest is severely wounded.
You barely miss the smoke demon. You hit the orc. You slice the sixfirhy!!
Your deep troll closely misses the orc high priest.
Your deep troll claws the orc high priest but does no damage.
Your deep troll claws the orc high priest.
The orc high priest calls upon Beogh to heal the orc.
The orc's wounds heal themselves!
The smoke demon hits you.
* * * LOW HITPOINT WARNING * * *
The smoke demon hits you.
* * * LOW HITPOINT WARNING * * *
The smoke demon hits you but does no damage.
The orc closely misses you. The orc closely misses your deep troll.
You slice the orc high priest!!
You kill the orc high priest!
Trog accepts your kill.
The sixfirhy disappears in a puff of smoke!
The smoke demon disappears in a puff of smoke!
You barely miss the orc.
Your deep troll is no longer berserk.
Your deep troll disappears in a puff of smoke!
The orc barely misses you.
Your Axes skill increases to level 20!
You slice the orc!!
You kill the orc!
Trog accepts your kill.
The barbed spikes dig painfully into your body as you move.
You die...

▓▓▓ ▓▓▓ ♣.#################$$#
♣.#___#___#__##$#$$###$$
♣.#...#__)#._#.)@......$
♣.###'#†###)##)$)§.....#
♣.#....†.....#)))......#
..'.⌠........#.##∩#.##$#
..#...######'#.# ##..# #
..#.⌠.#__#...#'############## #
..#...#__#...#....#.#.#.....# ..
..#'###__#..)##.#..#.##)###.# ...
..#.).#__#...'##)#.#.##.#.)##..^.


There were no monsters in sight!

Vanquished Creatures
  Erolcha (D)
  An orc high priest (D)
  A deep elf pyromancer (D)
  An orc sorcerer (D)
  A shadow (D)
  2 redbacks (D)
  5 two-headed ogres (D)
  A necrophage (D)
  A scorpion (D)
  A water elemental (D)
  A jelly (D)
  An orc priest (D)
  Jessica (D)
  A wizard (D)
  A necromancer (D)
  A kobold demonologist (D)
  3 humans (D)
  3 orcs (D)
  2 endoplasms (D)
  A kobold (D)
  A rat (D)
31 creatures vanquished.

Vanquished Creatures (collateral kills)
  An orc high priest (D)
  An orc knight (D)
  2 orc sorcerers (D)
  2 orc warriors (D)
  An orc priest (D)
  An orc wizard (D)
  3 orcs (D)
11 creatures vanquished.

Grand Total: 42 creatures vanquished

Notes
Turn   | Place    | Note
-------+----------+-------------------------------------------
     0 | D        | boopmooplesden the Minotaur Berserker began the quest for
                  | the Orb.
     0 | D        | Reached XP level 1. HP: 19/19 MP: 0/0
     7 | D        | Reached skill level 4 in Axes
   155 | D        | Noticed Jessica
   157 | D        | Reached ** piety under Trog
   163 | D        | Killed Jessica
   164 | D        | Reached skill level 5 in Fighting
   164 | D        | Reached skill level 6 in Axes
   164 | D        | Reached XP level 2. HP: 7/29 MP: 1/1
   164 | D        | Reached XP level 3. HP: 9/36 MP: 2/2
   607 | D        | Noticed a scorpion
   612 | D        | Killed a scorpion
   613 | D        | Reached skill level 8 in Axes
   613 | D        | Reached XP level 4. HP: 47/47 MP: 3/3
   648 | D        | Noticed a water elemental
   651 | D        | Killed a water elemental
   651 | D        | Reached *** piety under Trog
   652 | D        | Reached skill level 9 in Axes
   652 | D        | Reached XP level 5. HP: 53/53 MP: 4/4
   802 | D        | Found a basalt altar of Yredelemnul.
   802 | D        | Found a shadowy altar of Dithmenos.
   802 | D        | Found a sacrificial altar of Ru.
   817 | D        | Reached skill level 10 in Axes
   817 | D        | Reached skill level 5 in Dodging
   872 | D        | Found a radiant altar of Vehumet.
   873 | D        | Found a shimmering blue altar of Sif Muna.
   873 | D        | Found an ancient bone altar of Kikubaaqudgha.
   875 | D        | Reached **** piety under Trog
   876 | D        | Reached skill level 5 in Armour
   876 | D        | Reached XP level 6. HP: 64/64 MP: 5/5
   879 | D        | Reached skill level 11 in Axes
  1058 | D        | Found a hide-covered altar of Uskayaw.
  1058 | D        | Found an iron altar of Okawaru.
  1058 | D        | Found a bloodstained altar of Trog.
  1058 | D        | Found an ornate altar of the Wu Jian Council.
  1058 | D        | Noticed a human
  1058 | D        | Noticed a human
  1065 | D        | Killed a human
  1066 | D        | Reached skill level 10 in Fighting
  1066 | D        | Reached skill level 12 in Axes
  1068 | D        | Killed a human
  1069 | D        | Reached skill level 13 in Axes
  1069 | D        | Reached XP level 7. HP: 74/74 MP: 6/6
  1107 | D        | Found a glowing silver altar of Zin.
  1107 | D        | Found a glowing golden altar of the Shining One.
  1107 | D        | Found a white marble altar of Elyvilon.
  1108 | D        | Noticed a deep elf pyromancer
  1114 | D        | Killed a deep elf pyromancer
  1114 | D        | Reached ***** piety under Trog
  1115 | D        | Reached skill level 14 in Axes
  1115 | D        | Reached skill level 1 in Stealth
  1199 | D        | Noticed a shadow
  1203 | D        | Reached XP level 8. HP: 70/85 MP: 7/7
  1449 | D        | Found a blossoming altar of Fedhas.
  1449 | D        | Found a stormy altar of Qazlal.
  1449 | D        | Found a snail-covered altar of Cheibriados.
  1449 | D        | Found a burning altar of Makhleb.
  1449 | D        | Found a shimmering altar of Xom.
  1450 | D        | Found a hazy altar of Hepliaklqana.
  1450 | D        | Found an opulent altar of Gozag.
  1450 | D        | Found a sparkling altar of Nemelex Xobeh.
  1450 | D        | Found a corrupted altar of Lugonu.
  1450 | D        | Found a viscous altar of Jiyva.
  1629 | D        | Reached skill level 15 in Axes
  1632 | D        | Received a gift from Trog
  1670 | D        | Noticed a two-headed ogre
  1675 | D        | Killed a two-headed ogre
  1676 | D        | Reached skill level 16 in Axes
  1800 | D        | Noticed Erolcha
  1801 | D        | Noticed a two-headed ogre
  1804 | D        | Killed Erolcha
  1805 | D        | Reached XP level 9. HP: 86/96 MP: 8/8
  1810 | D        | Killed a two-headed ogre
  1811 | D        | Reached skill level 17 in Axes
  1816 | D        | Reached skill level 15 in Fighting
  2079 | D        | Noticed an orc sorcerer
  2081 | D        | Noticed an orc high priest
  2081 | D        | Noticed an orc high priest
  2082 | D        | Noticed an orc sorcerer
  2082 | D        | Noticed an orc knight
  2083 | D        | Noticed an orc sorcerer
  2088 | D        | Killed an orc sorcerer
  2089 | D        | Reached skill level 18 in Axes
  2089 | D        | Found Qeguts's Magic Scroll Shop.
  2090 | D        | Noticed a red devil
  2090 | D        | Noticed a smoke demon
  2090 | D        | Killed an orc sorcerer
  2094 | D        | Killed an orc high priest
  2094 | D        | Reached ****** piety under Trog
  2095 | D        | Reached skill level 19 in Axes
  2095 | D        | Reached skill level 10 in Armour
  2095 | D        | Reached XP level 10. HP: 62/107 MP: 9/9
  2097 | D        | Killed an orc knight
  2100 | D        | Killed an orc sorcerer
  2100 | D        | Received a gift from Trog
  2102 | D        | HP: 5/108 [orc high priest/+0 halberd (9)]
  2107 | D        | Noticed a sixfirhy
  2107 | D        | Noticed a smoke demon
  2108 | D        | HP: 4/108 [smoke demon[an orc high priest] (2)]
  2109 | D        | Killed an orc high priest
  2110 | D        | Reached skill level 20 in Axes
  2111 | D        | Succumbed to barbed spike wounds

Illustrated notes

Levels and vault maps discovered:
D:        dungeon_sprint_mu [sprint_mu_entry_forest, sprint_mu_temple_rooms,
          sprint_mu_d1_spiders, sprint_mu_d2_genie, sprint_mu_d3_branching,
          sprint_mu_orc_legion, sprint_mu_elf_gauntlet, sprint_mu_hive_nellie,
          sprint_mu_lair_fedhas, sprint_mu_vaults_butterflies,
          sprint_mu_slime_circle, sprint_mu_shoals_archi,
          sprint_mu_snake_twists, sprint_mu_blade_basic,
          sprint_mu_crypt_chambers, sprint_mu_tomb_spiral,
          sprint_mu_vestibule_basic, sprint_mu_gehenna_hellfire,
          sprint_mu_dis_giant, sprint_mu_tartarus_statrot,
          sprint_mu_cocytus_islands, sprint_mu_zot1]

Skill      XL: |  1  2  3  4  5  6  7  8  9 10 |
---------------+-------------------------------+-----
Fighting       | 5 7 8 9 11 12 14 16 | 16.8
Axes           | 6 8 9 10 13 14 16 19 20 | 20.1
Armour         | 3 4 5 6 8 10 | 10.9
Dodging        | 3 4 5 6 7 8 9 |  9.1
Stealth        | 1 2 |  2.8
Evocations     | |  0.6

Action                   |  1- 3 |  4- 6 |  7- 9 | 10-12 || total
-------------------------+-------+-------+-------+-------++-------
Melee: Hand axe          |    26 |    28 |    23 |       ||    77
       Headbutt          |     4 |     3 |    12 |     2 ||    21
       Battleaxe         |       |       |    25 |     9 ||    34
Invok: Berserk           |     2 |     4 |     3 |       ||     9
       Trog's Hand       |       |       |     1 |       ||     1
       Brothers in Arms  |       |       |     1 |       ||     1
Evoke: Lightning rod     |       |       |     1 |       ||     1
  Use: Scroll            |       |     4 |       |       ||     4
       Potion            |       |       |     2 |     2 ||     4
Armor: Scale mail        |       |       |     4 |     8 ||    12
Dodge: Dodged            |     7 |     5 |    19 |    11 ||    42
